 Dungeon Crawl Stone Soup version 0.29.1-1-gd02db6906a (webtiles) character file.

Game seed: 7928971260178083928

207 Linkola the Magician (level 5, -7/28 HPs)
             Began as a Deep Elf Fire Elementalist on Sept 23, 2022.
             Mangled by Crazy Yiuf
             ... wielding a +3 quarterstaff of chaos
              (12 damage)
             ... on level 2 of the Dungeon.
             The game lasted 00:07:51 (2139 turns).

Linkola the Magician (Deep Elf Fire Elementalist)   Turns: 2139, Time: 00:07:52

Health: -7/28      AC:  5    Str:  5    XL:     5   Next: 54%
Magic:  6/14       EV: 13    Int: 22    God:
Gold:   105        SH:  0    Dex: 15    Spells: 8/14 levels left

rFire   . . .      SeeInvis .   (no weapon)
rCold   . . .      Faith    .   (no shield)
rNeg    + . .      Spirit   .   a - +0 robe
rPois   .          Reflect  .   (no helmet)
rElec   .          Harm     .   i - +0 cloak
rCorr   .          Rampage  .   c - +0 pair of gloves
Will    .....                   m - +0 pair of boots
Stlth   ++........              (no amulet)
HPRegen 0.09/turn               j - ring of positive energy
MPRegen 0.14/turn               (no ring)

@: very slightly contaminated
A: no striking features
a: no special abilities


You were on level 2 of the Dungeon.
You visited 1 branch of the dungeon, and saw 2 of its levels.

You collected 105 gold pieces.

Inventory:

Armour
 a - a +0 robe (worn)
 c - a +0 pair of gloves (worn)
 i - a +0 cloak (worn)
 m - a +0 pair of boots (worn)
Jewellery
 j - a ring of positive energy (left hand)
Scrolls
 d - a scroll of enchant weapon
 g - a scroll of identify
 h - 2 scrolls of amnesia {unknown}
Potions
 b - a potion of magic
 e - a potion of curing {unknown}
 f - a potion of haste {unknown}
 k - a potion of mutation {unknown}
 l - 2 potions of flight {unknown}


   Skills:
 + Level 3.0 Dodging
 + Level 3.4 Stealth
 + Level 5.0 Spellcasting
 + Level 2.4 Conjurations
 + Level 4.9 Fire Magic


You had 8 spell levels left.
You knew the following spells:

 Your Spells              Type           Power      Damage    Failure   Level
a - Foxfire               Conj/Fire      84%        2x1d8     2%          1
b - Scorch                Fire           54%        2d8       1%          2
c - Conjure Flame         Conj/Fire      21%        6-21      7%          3

Your spell library contained the following spells:

 Spells                   Type           Power      Damage    Failure   Level
 Sandblast                Erth           10%        2d5       10%         1
 Inner Flame              Hex/Fire       16%        N/A       11%         3
 Passwall                 Tmut/Erth      4%         N/A       16%         2
 Stone Arrow              Conj/Erth      20%        3d8       19%         3
 Flame Wave               Conj/Fire      21%        2d8       22%         4


Dungeon Overview and Level Annotations

Branches:
Dungeon (2/15)

Altars:

Shops:
D:2 ?

Annotations:
D:2 Crazy Yiuf


Message History

The fire begins to smoulder!
The fire ignites!
Really walk into that cloud of flame?
You are engulfed in blazing flames.
Ouch! That really hurt!
* * * LOW HITPOINT WARNING * * *
Found a hammer.
Found a runed translucent door.
Attack: -) Nothing wielded
Press: ? - help, Dir - move target, f - you
Okay, then.
Casting: Conjure Flame (quite dangerous; 7% risk of failure)
Confirm with . or Enter, or press ? or * to list all spells.
You can't see any susceptible monsters within range! (Use Z to cast anyway.)
You open the door.
Casting: Conjure Flame (quite dangerous; 7% risk of failure)
Confirm with . or Enter, or press ? or * to list all spells.
Flames lash Crazy Yiuf but do no damage.
Crazy Yiuf hits you with a +3 quarterstaff of chaos!
Crazy Yiuf freezes you.
Casting: Scorch (safe; 1% risk of failure)
Confirm with . or Enter, or press ? or * to list all spells.
Flames lash Crazy Yiuf.
Crazy Yiuf is heavily wounded.
Crazy Yiuf's fire resistance burns away.
Crazy Yiuf closely misses you.
Casting: Scorch (safe; 1% risk of failure)
Confirm with . or Enter, or press ? or * to list all spells.
Flames lash Crazy Yiuf.
Crazy Yiuf is burned terribly!
Crazy Yiuf is almost dead.
Crazy Yiuf hits you with a +3 quarterstaff of chaos!
* * * LOW HITPOINT WARNING * * *
Crazy Yiuf burns you.
* * * LOW HITPOINT WARNING * * *
Casting: Scorch (safe; 1% risk of failure)
Confirm with . or Enter, or press ? or * to list all spells.
You miscast Scorch.
You are very lightly contaminated with residual magic.
Nothing appears to happen.
Crazy Yiuf hits you with a +3 quarterstaff of chaos!
You die...

### ##### #.#
....###### ♣♣♣♣♣###
#.# ....#....# ###
♣♣♣.♣....####.#
....#....#
#...#♣..♣......##..#
....#..>.#
#...g@♣♣♣♣.........###
....#....# #)..#♣♣
♣♣......#....
....#....# ###
♣♣###..#####
..).#....# #..#####
##.......# #.......
##......###
########.######
#........##
#............##
#.#.......###
######..####...
#.##.#.##...# ##.##
####


You could see Crazy Yiuf (combustible).

Vanquished Creatures
  Sigmund (D:2)
  An adder (D:2)
  A dart slug (D:1)
  4 ball pythons
  6 bats
  5 endoplasms
  2 giant cockroaches
  3 goblins
  4 hobgoblins
  3 kobolds (D:1)
  4 frilled lizards
  2 rats
36 creatures vanquished.

Vanquished Creatures (others)
  76 foxfires
76 creatures vanquished.

Grand Total: 112 creatures vanquished

Notes
Turn   | Place    | Note
-------+----------+-------------------------------------------
     0 | D:1      | Linkola the Deep Elf Fire Elementalist began the quest for
                  | the Orb.
     0 | D:1      | Reached XP level 1. HP: 10/10 MP: 6/6
   267 | D:1      | Reached XP level 2. HP: 15/15 MP: 6/8
   323 | D:1      | Learned a level 2 spell: Scorch
   607 | D:1      | Found a faded altar of an unknown god.
  1205 | D:2      | Found Buut's Magic Scroll Boutique.
  1218 | D:2      | Reached XP level 3. HP: 19/19 MP: 7/10
  1350 | D:2      | Noticed Sigmund
  1361 | D:2      | Killed Sigmund
  1362 | D:2      | Reached skill level 4 in Spellcasting
  1362 | D:2      | Reached XP level 4. HP: 14/24 MP: 6/12
  1362 | D:2      | Reached XP level 5. HP: 16/28 MP: 7/14
  1797 | D:2      | Reached skill level 5 in Spellcasting
  1833 | D:2      | Learned a level 3 spell: Conjure Flame
  2131 | D:2      | Found a runed translucent door.
  2132 | D:2      | Noticed Crazy Yiuf
  2139 | D:2      | Mangled by Crazy Yiuf

Illustrated notes

Levels and vault maps discovered:
D:1:      dpeg_arrival_arbitrary_b, layout_loops_corners,
          shapermc_ecumenical_altar_totnotflames, nrook_mini_vaults
D:2:      layout_rooms, serial_shops, nicolae_shop_stone,
          uniq_crazy_yiuf_cottage, uniq_sigmund

Skill      XL: |  1  2  3  4  5 |
---------------+----------------+-----
Dodging        | 3 |  3.0
Stealth        | 3 |  3.4
Spellcasting   | 4 5 |  5.0
Conjurations   | 2 |  2.4
Fire Magic     | 4 |  4.9

Action                   |  1- 3 |  4- 6 || total
-------------------------+-------+-------++-------
 Cast: Foxfire           |    35 |    11 ||    46
       Scorch            |     3 |     4 ||     7
       Conjure Flame     |       |     1 ||     1
  Use: Scroll            |     1 |       ||     1
Armor: Robe              |     2 |     2 ||     4
Dodge: Dodged            |    11 |     2 ||    13
